AoeStats
← ArkaelS4

Arena

506000093Analyzed
4v4 RM · 21d ago on Sep 12, 2026· 68m 8s· 8 players
Game mode
Random Map
Map size
Large (8 player)
Population
200
Speed
Normal
Resources
Standard
Victory
Conquest
Starting age
Dark Age
Ending age
Imperial Age
RankedLock teamsTeams togetherTeam positionsShared explorationLock speedFull tech treeHidden civsTurbo modeCheats
Victory
Defeat
🇻🇳 Persians · Vietnam
1137
+16
🇺🇸 Britons · United States
1133
+17
🇷🇺 Huns · Russia
1096
+18
🇺🇸 Vietnamese · United States
1042
+21
🇺🇸 Cumans · United States
1164
-18
🇺🇸 Celts · United States
1147
-18
🇨🇦 Khmer · Canada
1134
-29
🇺🇸 Magyars · United States
1134
-18
founderr
11:45 Feudal Age
16:13 Castle Age
14:41 Double-Bit Axe
15:14 Horse Collar
18:01 Wheelbarrow
17:39 Bow Saw
17:51 Heavy Plow
19:56 Loom
23:44 Town Watch
27:21 Pikeman
28:05 Squires
28:04 Gold Mining
28:45 Hand Cart
28:48 Town Patrol
28:50 Scale Mail Armor
29:01 Forging
31:46 Imperial Age
30:36 Chain Mail Armor
30:26 Scale Barding Armor
30:57 Iron Casting
30:38 Stone Mining
32:17 Gold Shaft Mining
32:48 Chain Barding Armor
33:40 Two-Man Saw
33:20 Caravan
34:09 Husbandry
34:19 Bloodlines
34:03 Halberdier
35:08 Conscription
35:41 Marauders
35:10 Elite Tarkan
36:28 Plate Barding Armor
36:53 Blast Furnace
35:50 Cavalier
36:26 Arson
36:13 Capped Ram
36:21 Capped Ram
38:19 Paladin
40:41 Fletching
42:03 Paladin
43:12 Light Cavalry
44:52 Murder Holes
45:19 Ballistics
46:00 Chemistry
44:39 Elite Skirmisher
45:45 Sappers
46:07 Hussar
57:50 Siege Ram
cabwarrior
10:13 Feudal Age
11:37 Loom
14:18 Castle Age
12:52 Double-Bit Axe
13:29 Horse Collar
19:04 Town Watch
21:11 Wheelbarrow
24:45 Fletching
24:55 Padded Archer Armor
26:31 Pikeman
27:11 Squires
27:29 Hand Cart
27:15 Town Patrol
28:37 Hand Cart
28:22 Town Patrol
31:09 Bow Saw
39:00 Gold Mining
39:05 Stone Mining
48:42 Heavy Plow
49:13 Yeomen
49:24 Forging
49:15 Scale Mail Armor
49:48 Bodkin Arrow
50:08 Leather Archer Armor
51:02 Leather Archer Armor
54:51 Imperial Age
53:22 Iron Casting
53:02 Chain Mail Armor
54:12 Chain Mail Armor
54:30 Ballistics
53:50 Treadmill Crane
57:18 Blast Furnace
56:48 Plate Mail Armor
56:19 Bracer
56:49 Ring Archer Armor
56:11 Halberdier
57:44 Conscription
58:03 Ring Archer Armor
57:45 Guilds
58:49 Arson
60:41 Chemistry
59:47 Siege Engineers
59:53 Fortified Wall
59:38 Murder Holes
59:54 Masonry
61:42 Elite Longbowman
62:23 Warwolf
63:38 Onager
65:26 Caravan
65:57 Coinage
Shadow
10:56 Feudal Age
15:44 Castle Age
13:53 Double-Bit Axe
16:00 Horse Collar
18:24 Bow Saw
20:28 Wheelbarrow
19:40 Loom
22:39 Hand Cart
24:43 Heavy Plow
25:10 Gold Mining
25:12 Stone Mining
27:16 Gold Shaft Mining
27:19 Stone Shaft Mining
28:01 Scale Barding Armor
28:07 Forging
31:34 Imperial Age
29:15 Husbandry
29:27 Bloodlines
29:36 Bloodlines
30:39 Iron Casting
31:18 Cavalier
33:05 Blast Furnace
32:26 Chain Barding Armor
32:45 Conscription
33:36 Crop Rotation
32:49 Savar
35:23 Chemistry
34:43 Ballistics
35:25 Chemistry
37:27 Elite Skirmisher
38:12 Thumb Ring
38:23 Fletching
38:34 Padded Archer Armor
39:39 Plate Barding Armor
39:00 Bodkin Arrow
38:38 Imperial Skirmisher
40:59 Leather Archer Armor
40:44 Scale Mail Armor
44:30 Caravan
44:33 Pikeman
45:13 Squires
44:59 Arson
45:32 Chain Mail Armor
47:36 Two-Man Saw
47:45 Plate Mail Armor
46:46 Man-at-Arms
46:47 Halberdier
47:13 Gambesons
46:50 Halberdier
47:16 Gambesons
48:30 Light Cavalry
51:26 Gambesons
59:24 Ring Archer Armor
63:25 Citadels
63:33 Citadels
67:59 Murder Holes
68:17 Masonry
Sonhero1
2:15 Loom
11:10 Feudal Age
12:17 Horse Collar
17:08 Castle Age
15:16 Double-Bit Axe
16:16 Stone Mining
16:36 Town Watch
17:30 Wheelbarrow
18:20 Bow Saw
22:15 Town Watch
23:19 Heavy Plow
24:09 Gold Mining
25:31 Hand Cart
28:47 Forging
28:37 Scale Mail Armor
32:55 Imperial Age
35:43 Iron Casting
35:23 Chain Mail Armor
35:49 Padded Archer Armor
35:39 Fletching
36:10 Paper Money
35:25 Elite Fire Lancer
37:50 Chemistry
37:10 Ballistics
36:31 Treadmill Crane
37:58 Plate Mail Armor
37:33 Scale Barding Armor
37:40 Elite Skirmisher
38:27 Thumb Ring
38:26 Bodkin Arrow
38:46 Leather Archer Armor
37:55 Elite Rattan Archer
38:45 Imperial Skirmisher
40:45 Squires
41:37 Caravan
41:47 Guilds
43:22 Two-Man Saw
43:29 Ring Archer Armor
42:59 Bracer
43:18 Pikeman
44:26 Bloodlines
43:45 Elite Battle Elephant
46:12 Chain Barding Armor
47:24 Halberdier
64:22 Stone Shaft Mining
67:18 Plate Barding Armor
66:45 Chatras
67:21 Hoardings
CrustyPotato313
7:14 Loom
9:42 Feudal Age
10:28 Double-Bit Axe
10:26 Horse Collar
19:27 Castle Age
19:00 Wheelbarrow
20:15 Bloodlines
20:14 Scale Barding Armor
20:19 Forging
22:57 Capped Ram
24:38 Iron Casting
25:29 Chain Barding Armor
32:54 Fletching
33:05 Padded Archer Armor
33:27 Bow Saw
33:27 Heavy Plow
37:16 Imperial Age
34:36 Light Cavalry
34:42 Pikeman
35:23 Squires
35:28 Scale Mail Armor
36:01 Ballistics
35:51 Thumb Ring
37:34 Chain Mail Armor
37:45 Bodkin Arrow
38:39 Parthian Tactics
40:42 Chemistry
41:59 Leather Archer Armor
44:16 Plate Mail Armor
44:46 Heavy Cavalry Archer
ArkaelS4
11:03 Feudal Age
15:22 Castle Age
14:10 Horse Collar
16:58 Wheelbarrow
22:07 Double-Bit Axe
25:04 Heavy Plow
25:04 Gold Mining
29:24 Stone Mining
29:37 Padded Archer Armor
32:13 Imperial Age
29:59 Thumb Ring
30:27 Fletching
30:54 Leather Archer Armor
31:07 Bow Saw
30:57 Loom
31:40 Bodkin Arrow
32:28 Gold Shaft Mining
32:17 Ballistics
33:59 Chemistry
33:32 Ring Archer Armor
33:04 Bracer
33:34 Parthian Tactics
33:51 Recurve Bow
33:33 Heavy Cavalry Archer
34:55 Scale Barding Armor
35:28 Conscription
35:37 Husbandry
35:51 Bloodlines
36:21 Siege Engineers
37:18 Chain Barding Armor
36:31 Cavalier
37:28 Elite Magyar Huszar
37:58 Paladin
40:24 Plate Barding Armor
41:50 Corvinian Army
43:13 Masonry
46:10 Murder Holes
46:56 Hoardings
47:49 Scale Mail Armor
48:22 Hand Cart
48:53 Crop Rotation
51:06 Elite Skirmisher
57:24 Light Cavalry
59:57 Chain Mail Armor
59:48 Hussar
60:31 Pikeman
62:26 Man-at-Arms
62:29 Halberdier
Maxcat1123
11:34 Feudal Age
9:51 Loom
15:07 Castle Age
13:48 Double-Bit Axe
21:02 Gold Mining
20:53 Horse Collar
25:56 Gold Shaft Mining
25:23 Heavy Plow
28:50 Forging
28:48 Scale Barding Armor
30:01 Wheelbarrow
29:13 Loom
32:48 Imperial Age
30:40 Husbandry
31:26 Iron Casting
31:41 Hand Cart
32:03 Chain Barding Armor
33:02 Tusk Swords
33:49 Elite Battle Elephant
35:21 Bloodlines
39:18 Blast Furnace
38:29 Capped Ram
41:06 Plate Barding Armor
40:43 Heavy Scorpion
47:37 Double Crossbow
48:45 Light Cavalry
50:45 Fletching
56:03 Hoardings
58:11 Ballistics
58:59 Chemistry
58:07 Siege Engineers
60:07 Padded Archer Armor
pandosopoderoso
3:25 Loom
12:16 Feudal Age
16:44 Castle Age
14:38 Double-Bit Axe
15:04 Horse Collar
17:37 Bow Saw
17:33 Heavy Plow
23:31 Scale Mail Armor
25:23 Chain Mail Armor
26:27 Forging
35:40 Gold Mining
35:41 Stone Mining
37:03 Wheelbarrow
39:20 Imperial Age
37:33 Fletching
38:23 Iron Casting
37:18 Pikeman
37:38 Pikeman
38:32 Gambesons
46:28 Hand Cart
56:29 Light Cavalry
57:21 Scale Barding Armor
58:52 Iron Casting
58:37 Chain Barding Armor
57:42 Hussar
58:24 Husbandry
61:36 Blast Furnace
64:53 Bodkin Arrow
64:59 Padded Archer Armor
65:59 Elite Skirmisher
67:48 Leather Archer Armor
Connection lost

Rejoining the realm…

Still unreachable

The connection could not be restored.

Session expired

The server has moved on; the page needs a fresh start.